 Dungeon Crawl Stone Soup version 0.24.0-125-gc4c63601f3 (webtiles) character file.

Game seed: 1084351862028749810, levelgen mode: deterministic

29866 nightchill the Brawler (level 13, -37/119 HPs)
             Began as a Ghoul Gladiator on Mar 11, 2020.
             Was an Elder of Makhleb.
             Annihilated by Rupert
             ... wielding a +1 great mace of holy wrath
              (42 damage)
             ... on level 5 of the Lair of Beasts on Mar 12, 2020.
             The game lasted 01:10:26 (18201 turns).

nightchill the Brawler (Ghoul Gladiator)           Turns: 18201, Time: 01:10:27

Health: -37/119    AC:  9    Str: 19    XL:     13   Next: 48%
Magic:  0/19       EV: 11    Int:  7    God:    Makhleb [****..]
Gold:   1345       SH:  0    Dex: 10    Spells: 9/12 levels left

rFire    . . .     SeeInvis .     - Unarmed
rCold    + . .     Gourm    .   (no shield)
rNeg     + + +     Faith    .   o - +0 scale mail
rPois    ∞         Spirit   +   m - +1 helmet
rElec    .         Reflect  .   e - scarf {Spirit}
rCorr    .         Harm     .   (no gloves)
MR       +....                  A - +0 pair of boots
Stlth    ..........             r - amulet of regeneration
HPRegen  0.00/turn              f - ring of wizardry
MPRegen  0.16/turn              w - ring of protection from magic

@: rotting
A: rotting body, claws 1, carnivore, cold resistance 1, negative energy
resistance 3, inhibited regeneration, torment resistance, unbreathing
a: Minor Destruction, Lesser Servant of Makhleb, Major Destruction, Renounce
Religion


You were on level 5 of the Lair of Beasts.
You worshipped Makhleb.
Makhleb was greatly pleased with you.
You were not hungry.

You visited 3 branches of the dungeon, and saw 18 of its levels.
You also visited: Ossuary.

You collected 1345 gold pieces.

Inventory:

Hand Weapons
 b - a +4 fustibalus of freezing
Missiles
 c - 5 throwing nets (quivered)
 n - 287 stones
 s - 53 sling bullets
 y - 83 poisoned darts
 R - a boomerang of dispersal
Armour
 e - a scarf of spirit shield (worn)
 m - a +1 helmet (worn)
 o - a +0 scale mail (worn)
 A - a +0 pair of boots (worn)
 B - a +1 leather armour of magic resistance
 N - a +0 buckler
 V - the cursed +0 robe of Oghanisu {rC- SInv Stlth+, unknown}
   (You found it on level 5 of the Lair of Beasts)

   It makes you vulnerable to cold.
   It lets you see invisible.
   It makes you more stealthy.
   It has a curse placed upon it.
Jewellery
 f - a ring of wizardry (left claw)
 l - an uncursed ring of protection from cold
 r - an amulet of regeneration (around neck)
 w - a ring of protection from magic (right claw)
 Z - a cursed ring of attention {unknown}
Wands
 a - a wand of clouds (2)
 j - a wand of acid (2)
 u - a wand of flame (16)
 E - a wand of enslavement (18)
 H - a wand of digging (6)
 O - a wand of polymorph (13)
 P - a wand of iceblast (11)
 W - a wand of disintegration (13)
Scrolls
 g - 8 scrolls of teleportation
 i - 6 scrolls of immolation
 p - 9 scrolls of remove curse
 t - 3 scrolls of fear
 v - a scroll of amnesia
 z - 3 scrolls of fog
 F - a scroll of torment
 J - a scroll of summoning
 K - 2 scrolls of enchant armour
 L - 3 scrolls of vulnerability
 T - a scroll of blinking {unknown}
Potions
 q - 8 potions of curing
 x - 2 potions of magic
 C - 4 potions of brilliance
 D - a potion of agility
 G - 5 potions of flight
 I - 2 potions of ambrosia
 M - 3 potions of haste
 Y - a potion of resistance {unknown}
Miscellaneous
 S - a fan of gales
Comestibles
 d - 32 rations


   Skills:
 + Level 12.4 Fighting
 - Level 1.7 Throwing
 + Level 5.0 Dodging
 - Level 4.0 Shields
 * Level 18.8 Unarmed Combat
 - Level 10.1 Invocations


You had 9 spell levels left.
You knew the following spells:

 Your Spells              Type           Power        Failure   Level  Hunger
a - Apportation           Tloc           #.....       50%         1    ##.....
b - Confusing Touch       Hex            #.....       50%         1    ##.....
c - Animate Skeleton      Necr           N/A          50%         1    ##.....

Your spell library contained the following spells:

 Spells                   Type           Power        Failure   Level  Hunger
 Corona                   Hex            #......      50%         1    ##.....
 Freeze                   Ice            #...         50%         1    ##.....
 Summon Butterflies       Summ           #.......     50%         1    ##.....
 Summon Small Mammal      Summ           #...         50%         1    ##.....
 Slow                     Hex            #.......     63%         2    ###....
 Sticks to Snakes         Tmut           #.......     63%         2    ###....
 Throw Frost              Conj/Ice       #.....       63%         2    ###....
 Inner Flame              Hex/Fire       #.......     85%         3    ####...
 Lesser Beckoning         Tloc           #.........   85%         3    ####...
 Ozocubu's Armour         Chrm/Ice       #.......     85%         3    ####...
 Portal Projectile        Hex/Tloc       #.....       85%         3    ####...
 Tukima's Dance           Hex            #.......     85%         3    ####...
 Cause Fear               Hex            #.........   99%         4    #####..
 Leda's Liquefaction      Hex/Erth       #.........   99%         4    #####..
 Summon Ice Beast         Ice/Summ       #.......     99%         4    #####..
 Throw Icicle             Conj/Ice       #.......     99%         4    #####..
 Alistair's Intoxication  Tmut/Pois      #.......     100%        5    ######.
 Silence                  Hex/Air        #.........   100%        5    ######.
 Yara's Violent Unravell  Hex/Tmut       #.........   100%        5    ######.
 Deflect Missiles         Chrm/Air       #.........   100%        6    #######
 Invisibility             Hex            #.......     100%        6    #######
 Discord                  Hex            #.........   100%        8    #######
 Beastly Appendage        Tmut           Unusable     N/A         1    N/A
 Spider Form              Tmut/Pois      Unusable     N/A         3    N/A
 Ice Form                 Ice/Tmut       Unusable     N/A         4    N/A
 Blade Hands              Tmut           Unusable     N/A         5    N/A

Dungeon Overview and Level Annotations

Branches:
Dungeon (11/15)            Temple (1/1) D:6            Lair (6/6) D:11
 Shoals (0/4) Lair:4       Spider (0/4) Lair:3        Slime (0/5) Lair:6
    Orc (0/2) D:10        Ossuary (visited)

Altars:
Ashenzari
Cheibriados
Dithmenos
Elyvilon
Fedhas
Gozag
Hepliaklqana
Kikubaaqudgha
Makhleb
Nemelex Xobeh
Okawaru
Qazlal
Ru
Sif Muna
Trog
Uskayaw
Vehumet
Wu Jian
Xom
Yredelemnul
Zin
The Shining One
Jiyva

Annotations:
D:5 exclusion: downstairs
D:9 exclusion: 3 downstairs
D:10 exclusion: downstairs
D:11 !careful
Lair:4 1 runed translucent door, shugdite's ghost, journeyman MiMo
Lair:5 1 runed translucent door, exclusion: 2 downstairs, Riymurr's ghost, journeyman MfMo; Rupert


Innate Abilities, Weirdness & Mutations

Your body is rotting away.
You thrive on raw meat.
You are immune to poison.
You have sharp fingernails.
You are carnivorous and can eat meat at any time.
Your flesh is cold resistant. (rC+)
You are immune to negative energy. (rN+++)
You do not regenerate when monsters are visible.
You are immune to unholy pain and torment.
You can survive without breathing.


Message History

The blink frog hits you.
You closely miss the blink frog.
The blink frog is moderately wounded.
The blink frog hits you.
The blink frog blinks!
Rupert closely misses you. The hippogriff bites you!
The hippogriff barely misses you. The hippogriff misses you.
Rupert hits you with a +1 great mace of holy wrath!
You convulse!
You scratch Rupert. You claw Rupert!
Rupert is lightly wounded.
You scratch Rupert but do no damage.
Rupert is lightly wounded.
Rupert hits you with a +1 great mace of holy wrath!!
You convulse!!
* * * LOW HITPOINT WARNING * * *
The blink frog hits you.
* * * LOW HITPOINT WARNING * * *
The blink frog blinks!
Rupert hits you with a +1 great mace of holy wrath!!!
You die...

...................#...........##
.......|....)..8...............P.
..........##.......##............
##.P...###.....##...####.#.......
...#...#.....#.P##...#...........
.........8..##.###....#.........#
P......#..###..####...#........##
.....###.+#.....#@l...#........#
)....#..........@##....#......###
......#.........#.#..........#..#
...............#.....>.........##
....P...........#..#...#....####
...PP#.............##.##....###
....P.........................###
....P...........................#
....#P.................###.....##
Z#......P.............## #####..#


You could see Rupert (berserk) and a komodo dragon.

Vanquished Creatures
  Harold (D:7)
  4 hydras
  A death knight (D:10)
  A centaur warrior (D:11)
  2 two-headed ogres
  An unseen horror (D:11)
  Pikel (D:5)
  A merfolk siren (Lair:4)
  4 black mambas
  7 spiny frogs
  A rime drake (Lair:4)
  3 komodo dragons
  2 polar bears
  3 blink frogs
  2 hippogriffs
  A spriggan (D:10)
  2 wyverns
  27 yaks
  4 basilisks
  A wraith (Ossuary)
  3 vampire mosquitoes
  5 hungry ghosts
  2 wargs (D:11)
  Duvessa (D:4)
  8 water moccasins
  2 porcupines
  3 ice beasts
  8 orc warriors
  6 sky beasts
  A hornet zombie (D:11)
  A slave (D:5)
  A black bear (D:8)
  4 wolves (Lair:6)
  2 phantoms
  3 ogres
  7 centaurs
  2 big kobolds
  7 crocodiles
  An elf zombie (Ossuary)
  15 bullfrogs
  Dowan (D:4)
  3 scorpions
  A water moccasin skeleton (D:8)
  3 howler monkeys
  7 wights (D:10)
  6 crimson imps
  A bullfrog zombie (D:7)
  A bullfrog skeleton (D:11)
  5 hounds
  6 jellies
  5 orc priests
  11 orc wizards
  4 iguanas
  7 worker ants
  4 hound skeletons
  3 mummies (Ossuary)
  A worker ant zombie (D:9)
  11 gnolls
  19 adders
  4 shadow imps
  An ooze (D:1)
  An adder skeleton (D:4)
  A worm (D:6)
  3 dart slugs
  10 leopard geckos
  63 orcs
  2 giant cockroaches
  2 gnoll zombies (Ossuary)
  5 goblins
  7 hobgoblins
  4 jackals (D:8)
  16 kobolds
  5 quokkas
  2 ball pythons
  3 bats
  3 frilled lizards
  2 goblin zombies (Ossuary)
  2 hobgoblin zombies (Ossuary)
  A kobold zombie (Ossuary)
  A quokka zombie (D:9)
  9 rats
397 creatures vanquished.

Vanquished Creatures (collateral kills)
  A hydra (D:11)
  A two-headed ogre (D:11)
  A wolf spider (Lair:3)
  3 spiny frogs
  2 komodo dragons
  A hippogriff (Lair:5)
  3 blink frogs
  A wyvern (Lair:5)
  6 yaks
  A vampire mosquito (D:10)
  A water moccasin (Lair:5)
  A wolf (Lair:6)
  A big kobold (D:10)
  A bullfrog (D:10)
  A wyvern skeleton (D:10)
  2 wights (D:10)
  An orc priest (D:11)
  A jelly (D:10)
  An orc (D:10)
  2 kobolds (D:10)
  2 fungi
  2 plants (Lair:2)
36 creatures vanquished.

Vanquished Creatures (others)
  A frilled lizard (D:5)
  A goblin zombie (Ossuary)
  A hobgoblin zombie (Ossuary)
  A rat (D:2)
  2 fungi (Lair:4)
  A plant (Lair:4)
  2 withered plants (Lair:5)
9 creatures vanquished.

Grand Total: 442 creatures vanquished

Notes
Turn   | Place    | Note
-------+----------+-------------------------------------------
     0 | D:1      | nightchill the Ghoul Gladiator began the quest for the Orb.
     0 | D:1      | Reached XP level 1. HP: 17/17 MP: 0/0
   648 | D:1      | Reached XP level 2. HP: 25/25 MP: 1/1
   776 | D:1      | Reached skill level 4 in Unarmed Combat
  1136 | D:2      | Reached XP level 3. HP: 26/29 MP: 2/2
  1182 | D:2      | Found a white marble altar of Elyvilon.
  1369 | D:2      | Found a radiant altar of Vehumet.
  1394 | D:2      | Reached XP level 4. HP: 31/38 MP: 1/3
  1573 | D:2      | Noticed a +0 dagger
  1574 | D:2      | Found a hide-covered altar of Uskayaw.
  1574 | D:2      | Noticed a +0 hand axe
  1743 | D:2      | Reached skill level 5 in Unarmed Combat
  1783 | D:2      | Found a sacrificial altar of Ru.
  2165 | D:3      | Found a blossoming altar of Fedhas.
  2169 | D:3      | Found a stormy altar of Qazlal.
  2169 | D:3      | Found an opulent altar of Gozag.
  2325 | D:3      | Reached XP level 5. HP: 31/45 MP: 2/4
  2827 | D:4      | Noticed Duvessa
  3074 | D:4      | Noticed Dowan
  3115 | D:5      | Entered Level 5 of the Dungeon
  3193 | D:5      | Reached skill level 6 in Unarmed Combat
  3471 | D:5      | Reached XP level 6. HP: 52/52 MP: 5/5
  3813 | D:5      | Noticed a slave
  3817 | D:5      | Noticed Pikel
  3828 | D:5      | Killed a slave
  3832 | D:5      | Noticed a slave
  3832 | D:5      | Noticed a slave
  3843 | D:5      | Killed Pikel
  3843 | D:5      | Reached skill level 5 in Fighting
  3843 | D:5      | Reached skill level 8 in Unarmed Combat
  3843 | D:5      | Reached XP level 7. HP: 23/61 MP: 0/6
  3977 | D:5      | Reached XP level 8. HP: 67/70 MP: 7/7
  4240 | D:5      | Found a hazy altar of Hepliaklqana.
  4595 | D:6      | Reached skill level 9 in Unarmed Combat
  5077 | D:6      | Reached skill level 10 in Unarmed Combat
  5133 | D:6      | Found a staircase to the Ecumenical Temple.
  5244 | Temple   | Entered the Ecumenical Temple
  5591 | Temple   | Became a worshipper of Makhleb the Destroyer
  5616 | D:6      | Found an iron altar of Okawaru.
  5738 | D:6      | Reached skill level 11 in Unarmed Combat
  5818 | D:6      | Reached XP level 9. HP: 79/79 MP: 8/8
  5847 | D:6      | Reached skill level 12 in Unarmed Combat
  6152 | D:7      | Reached skill level 13 in Unarmed Combat
  6176 | D:7      | Found a sand-covered staircase.
  6190 | Ossuary  | Entered an ossuary
  6235 | Ossuary  | Reached * piety under Makhleb
  6754 | D:7      | Noticed Harold
  6767 | D:7      | Killed Harold
  6767 | D:7      | Reached skill level 14 in Unarmed Combat
  6889 | D:7      | Reached XP level 10. HP: 67/88 MP: 8/11
  7443 | D:7      | Found a shimmering blue altar of Sif Muna.
  7443 | D:7      | Found an iron altar of Okawaru.
  7444 | D:7      | Found an ornate altar of the Wu Jian Council.
  7522 | D:8      | Reached skill level 15 in Unarmed Combat
  7906 | D:8      | Reached ** piety under Makhleb
  8570 | D:9      | You fall into a shaft and drop 1 floor!
  8570 | D:10     | Entered Level 10 of the Dungeon
  9057 | D:9      | Noticed a two-headed ogre
  9066 | D:9      | Killed a two-headed ogre
  9066 | D:9      | Reached skill level 16 in Unarmed Combat
  9116 | D:9      | Reached skill level 5 in Invocations
  9459 | D:9      | Found a shadowy altar of Dithmenos.
  9798 | D:10     | Reached skill level 10 in Fighting
  9821 | D:10     | Reached XP level 11. HP: 86/98 MP: 10/14
  9946 | D:9      | Reached *** piety under Makhleb
 10165 | D:10     | Noticed a death knight
 10388 | D:10     | Killed a death knight
 10924 | D:10     | Found a staircase to the Orcish Mines.
 10936 | D:10     | Reached **** piety under Makhleb
 11333 | D:4      | Found a basalt altar of Yredelemnul.
 11437 | D:4      | Killed Duvessa
 11446 | D:4      | Killed Dowan
 11789 | D:11     | Noticed a two-headed ogre
 11821 | D:11     | Killed an unseen horror
 11821 | D:11     | Reached skill level 17 in Unarmed Combat
 11970 | D:11     | Noticed a centaur warrior
 11985 | D:11     | Killed a centaur warrior
 12153 | D:11     | Noticed a four-headed hydra
 12164 | D:11     | Killed a four-headed hydra
 12185 | D:11     | Noticed a two-headed ogre
 12197 | D:11     | Killed a two-headed ogre
 12468 | D:11     | Reached XP level 12. HP: 98/108 MP: 12/17
 12492 | D:11     | Found a staircase to the Lair.
 12536 | D:11     | Noticed a seven-headed hydra
 12544 | D:11     | Killed a seven-headed hydra
 12547 | D:11     | Killed a two-headed ogre
 13085 | Lair:1   | Entered Level 1 of the Lair of Beasts
 13124 | Lair:1   | Learned a level 1 spell: Apportation
 13126 | Lair:1   | Learned a level 1 spell: Confusing Touch
 13395 | Lair:1   | Noticed a seven-headed hydra
 13401 | Lair:1   | Killed a seven-headed hydra
 13442 | Lair:1   | Learned a level 1 spell: Animate Skeleton
 14107 | Lair:2   | Noticed a seven-headed hydra
 14114 | Lair:2   | Killed a seven-headed hydra
 14114 | Lair:2   | Reached skill level 10 in Invocations
 14860 | Lair:3   | Reached skill level 1 in Shields
 14965 | Lair:3   | Found a hole to the Spider Nest.
 14979 | Lair:3   | Reached skill level 18 in Unarmed Combat
 16127 | Lair:4   | Found a runed translucent door.
 16129 | Lair:4   | Noticed shugdite's ghost (journeyman MiMo)
 16130 | Lair:4   | Identified the +0 trident "Hydrabane" {holy, -Tele +Inv
                  | Str+4 SInv}
 16130 | Lair:4   | Noticed a spriggan rider
 16130 | Lair:4   | Noticed a spriggan rider
 16139 | Lair:4   | Reached XP level 13. HP: 86/114 MP: 14/19
 16450 | Lair:4   | Found a staircase to the Shoals.
 16810 | Lair:5   | Found a runed translucent door.
 16811 | Lair:5   | Noticed Riymurr's ghost (journeyman MfMo)
 16903 | Lair:5   | Got a thick robe
 16982 | Lair:5   | Found a burning altar of Makhleb.
 17583 | Lair:6   | Entered Level 6 of the Lair of Beasts
 17699 | Lair:6   | Found a staircase to the Slime Pits.
 17699 | Lair:6   | Found a viscous altar of Jiyva.
 18014 | Lair:4   | Reached skill level 5 in Dodging
 18170 | Lair:6   | Noticed Rupert
 18200 | Lair:5   | HP: 5/119 [blink frog (2)]
 18201 | Lair:5   | Annihilated by Rupert

Levels and vault maps discovered:
D:1:      lightli_arrival_quake, layout_rooms, minmay_misc_feat_pillars
D:2:      layout_rooms, elyvilon_altar_4, dancing_weapons_uskayaw,
          fiery_altar_vehumet, nicolae_ru_the_path_less_chosen,
          minmay_box_of_dots
D:3:      layout_basic, grunt_temple_overflow_open, first_ration
D:4:      layout_rooms, kennysheep_little_box, uniq_duvessa
D:5:      layout_loops_corners, kennysheep_mini_moat,
          minmay_manual_mandibuliform, uniq_pikel
D:6:      wad_guarded_room, layout_basic, minmay_temple_entry_large_hall,
          okawaru_ov_weapons_minmay
D:7:      layout_loops_cross, gammafunk_temple_overflow_claw,
          chequers_ossuary_entry_cave, uniq_harold
D:8:      layout_basic, st_stairs_4
D:9:      layout_basic, kennysheep_mini
D:10:     layout_cave_pools, hiddenorc2_lemuel, minmay_misc_feat_alley,
          the_bakery, nooodl_food_tri
D:11:     minmay_clustersquares, layout_basic, erik_lair_orcish_takeover,
          gauntlet_entry_generic
Temple:   compressed_dpeg_triangle_lava_temple
Lair:1:   layout_roguey
Lair:2:   layout_chaotic_city, grunt_forest_stairs_basic
Lair:3:   layout_small_grid, spider_nest_entry_rubble
Lair:4:   layout_loops_ring, minmay_shoals_entry_lonely_mermaid,
          ebering_ghost_funeral_grove, lemuel_fruit_fields
Lair:5:   layout_hall_layers, gammafunk_ghost_grave, basic_altar,
          grunt_megastairs_4
Lair:6:   cheibrodos_lair_end_hotspot, layout_gridlike, slime_altar_1,
          ebering_ghost_inner_flame, hangedman_lair_generics_rect, uniq_rupert

Skill      XL: |  1  2  3  4  5  6  7  8  9 10 11 12 13 |
---------------+----------------------------------------+-----
Unarmed Combat | 4 5 6 8 11 14 16 17 18 | 18.8
Fighting       | 3 4 5 7 8 10 11 12 | 12.4
Invocations    | 2 5 8 10 | 10.1
Dodging        | 3 5 |  5.0
Shields        | 2 4 |  4.0
Throwing       | |  1.7

Action                   |  1- 3 |  4- 6 |  7- 9 | 10-12 | 13-15 || total
-------------------------+-------+-------+-------+-------+-------++-------
Melee: Unarmed           |    78 |   193 |   228 |   673 |   128 ||  1300
       Punch             |       |     2 |     8 |    33 |     9 ||    52
 Fire: Fustibalus        |       |       |       |       |     8 ||     8
 Cast: Animate Skeleton  |       |       |       |    12 |    12 ||    24
       Confusing Touch   |       |       |       |     4 |     1 ||     5
Invok: Minor Destruction |       |       |       |     1 |       ||     1
       Lesser Servant of |       |       |       |    17 |     4 ||    21
Evoke: Wand              |       |     4 |     3 |     1 |       ||     8
  Use: Scroll            |       |     4 |    12 |    12 |     6 ||    34
       Potion            |       |       |       |     2 |     4 ||     6
 Stab: Confused          |       |     1 |       |     2 |     1 ||     4
  Eat: Chunk             |     3 |    16 |    23 |    55 |    18 ||   115
Armor: Leather armour    |    17 |       |       |       |       ||    17
       Scale mail        |    11 |    73 |    52 |   212 |    47 ||   395
Dodge: Dodged            |    45 |    89 |    67 |   253 |    99 ||   553
